 Dungeon Sprint DCSS version 0.21.1-1-g345015f (webtiles) character file.

70762 wojtek the Executioner (level 13, -5/137 (138) HPs)
             Began as a Minotaur Berserker on Feb 17, 2018.
             Was the Champion of Trog.
             Killed from afar by Roxanne (10 damage)
             ... with an orb of energy
             ... in the Dungeon (Sprint III: "The Ten Rune Challenge").
             The game lasted 00:19:24 (6852 turns).

wojtek the Executioner (Minotaur Berserker)         Turns: 6852, Time: 00:19:25

HP:   -5/137 (138)  AC: 24    Str: 26    XL:     13   Next: 87%
MP:   12/12         EV: 16    Int:  7    God:    Trog [******]
Gold: 4946          SH:  0    Dex: 11    Spells: 12/12 levels left

rFire    . . .     SeeInvis .   b - +2 battleaxe of a sewer {freeze, rElec rPois MR+ Stlth+}
rCold    . . .     Gourm    .   (shield currently unavailable)
rNeg     . . .     Faith    .   y - +0 plate armour
rPois    +         Spirit   .   A - +1 hat {Int+3}
rElec    +         Reflect  .   r - scarf {cloud immunity}
rCorr    .         Harm     .   Q - +3 pair of gauntlets of War {Slay+5}
MR       +....     NoTele   +   (no boots)
Stlth    ..........             (no amulet)
HPRegen  0.32/turn              (no ring)
MPRegen  0.13/turn              (no ring)

@: no status effects
A: retaliatory headbutt, horns 2
}: 2/10 runes: decaying, barnacled
a: Berserk, Trog's Hand, Brothers in Arms, Burn Spellbooks, Renounce Religion


You were in the Dungeon.
You worshipped Trog.
Trog was exalted by your worship.
You were not hungry.

You visited 1 branch You collected 6133 gold pieces.
You spent 1187 gold pieces at shops.

Inventory:

Hand Weapons
 a - the +11 battleaxe "Echeemon" {chop, Dex+4}
   (Trog gifted it to you in the Dungeon)

   It inflicts extra damage upon your enemies.
   It affects your dexterity (+4).
 b - the +2 battleaxe of a sewer (weapon) {freeze, rElec rPois MR+ Stlth+}
   (Trog gifted it to you in the Dungeon)

   It has been specially enchanted to freeze those struck by it, causing extra
   injury to most foes and up to half again as much damage against particularly
   susceptible opponents.
   It can also slow down cold-blooded creatures.
   It insulates you from electricity.
   It protects you from poison.
   It affects your resistance to hostile enchantments.
   It makes you more stealthy.
 t - a +8 antimagic battleaxe
 u - a +2 battleaxe of chopping
 v - a +6 executioner's axe of chopping
 w - the +11 broad axe of Ufull {antimagic, *Corrode rF+ Str+4, unknown}
   (Trog gifted it to you in the Dungeon)

   It reduces the magical energy of the wielder, and disrupts the spells and
   magical abilities of those hit.
   Natural abilities and divine invocations are not affected.
   It affects your strength (+4).
   It protects you from fire.
   It may corrode you when you take damage.
 z - a +3 antimagic executioner's axe
 B - the +14 obsidian axe {chop, +Fly SInv *Curse}
   (Trog gifted it to you in the Dungeon)

   It inflicts extra damage upon your enemies.
   It lets you see invisible.
   It lets you fly.
   It curses itself when equipped.
 C - a +1 antimagic executioner's axe
 E - a +4 battleaxe of flaming
 G - a +6 broad axe of chopping
 H - a +5 battleaxe of electrocution
 P - a +1 broad axe of draining
 R - a +3 battleaxe of draining
 T - the +4 battleaxe of Gluttony {drain, +Rage rC++ MP-9, unknown}
   (Trog gifted it to you in the Dungeon)

   A truly terrible weapon, it drains the life of those it strikes.
   It greatly protects you from cold.
   It affects your magic capacity (-9).
   It lets you go berserk.
Missiles
 q - 5 exploding tomahawks (quivered)
 x - 7 throwing nets
Armour
 r - a scarf of cloud immunity (worn)
 y - a +0 plate armour (worn)
 A - a +1 hat of intelligence (worn)
 F - +0 ice dragon scales
 Q - the +3 pair of gauntlets of War (worn) {Slay+5}
   (You bought it in a shop in the Dungeon)

   It affects your accuracy and damage with ranged weapons and melee attacks
   (+5).
Jewellery
 J - an uncursed ring of fire {unknown}
Wands
 L - a wand of acid (5)
Scrolls
 i - a scroll of blinking
 j - 16 scrolls of identify
 l - 2 scrolls of torment {unknown}
 m - 5 scrolls of remove curse
 M - a scroll of random uselessness {unknown}
 O - a scroll of enchant weapon {unknown}
Potions
 d - 6 potions of curing
 e - a potion of heal wounds
 f - a potion of haste
 g - 2 potions of magic
 h - a potion of berserk rage
 n - 2 potions of flight
 o - a potion of cancellation {unknown}
 p - 7 potions of mutation
 s - a potion of agility {unknown}
 D - a potion of brilliance {unknown}
 I - a potion of lignification {unknown}
 N - a potion of degeneration {unknown}
Miscellaneous
 k - a box of beasts
 K - a lightning rod (4/4)
Comestibles
 c - 16 rations
 S - 5 chunks of flesh


   Skills:
 + Level 19.6 Fighting
 * Level 25.7 Axes
 + Level 19.5 Armour
 + Level 18.1 Dodging


You had 12 spell levels left.
You didn't know any spells.

Dungeon Overview and Level Annotations

Branches:
Dungeon (1/1)

Altars:
Cheibriados
Dithmenos
Elyvilon
Fedhas
Gozag
Hepliaklqana
Kikubaaqudgha
Makhleb
Nemelex Xobeh
Okawaru
Qazlal
Ru
Sif Muna
Trog
Uskayaw
Vehumet
Wu Jian
Xom
Yredelemnul
Zin
The Shining One
Beogh
Jiyva
Lugonu

Shops:
D !(=[(?:%}!%(:!?!}[=?%%:

Annotations:
D exclusion: Roxanne, Roxanne


Innate Abilities, Weirdness & Mutations

You reflexively headbutt those who attack you in melee.
You have a pair of horns on your head.


Message History

You hit Roxanne but do no damage.
Roxanne is heavily damaged.
You slice Roxanne!!
Roxanne is heavily damaged.
You hit Roxanne. You headbutt Roxanne, but do no damage.
Roxanne is heavily damaged.
Roxanne casts a spell.
The orb of energy hits you!
The orb of energy explodes!
You slice Roxanne like a ripe choko!!!
Roxanne is severely damaged.
You hit Roxanne. You headbutt Roxanne, but do no damage.
Roxanne is severely damaged.
Roxanne casts a spell.
The crystal spear hits you!
* * * LOW HITPOINT WARNING * * *
You hit Roxanne. You headbutt Roxanne, but do no damage.
Roxanne is severely damaged.
Roxanne mumbles some strange words.
The orb of energy hits you!
You die...

#'###.......#####
#≈≈≈##.....##...#
#'#'###...###.#.)
####.#.# ##+####.##.
..#'#####.≈≈≈'#.##.
#.#()'∩∩#.≈≈.#..##.
##.####∩∩#.≈≈.######
###...###..#..≈.#..'≈⌠
+...8@..'..'..≈≈'..#≈≈
###...###..#≈≈≈.#..#.≈
##.## #..#.).)#..#..
#. #..####(###### #+
#..#.#.#.#.#.#
+..'#.#.#.#.#.
#..#.#.#.#.#.#
#######▓▓▓▓▓▓▓


You could see Roxanne.

Vanquished Creatures
  Nikola (D)
  A kraken (D)
  Harold (D)
  Gastronok (D)
  A storm dragon (D)
  A ghost moth (D)
  A dire elephant (D)
  A mummy priest (D)
  4 ice dragons (D)
  2 hydras (D)
  Erolcha (D)
  An alligator snapping turtle (D)
  4 death yaks (D)
  Urug (D)
  A shadow wraith (D)
  3 skeletal warriors (D)
  A death drake (D)
  A spriggan druid (D)
  2 spectral iron dragons (D)
  An orange crystal statue (D)
  A deep elf mage (D)
  A lindwurm (D)
  2 oklob plants (D)
  4 crystal guardians (D)
  2 elephants (D)
  2 black mambas (D)
  4 statues (D)
  A komodo dragon (D)
  2 spiny frogs (D)
  A rime drake (D)
  A queen bee (D)
  3 hornets (D)
  An orc high priest (D)
  2 tyrant leeches (D)
  5 slime creatures (D)
  8 blink frogs (D)
  5 snapping turtles (D)
  5 redbacks (D)
  2 spriggans (D)
  A shadow (D)
  3 wandering mushrooms (D)
  A spatial vortex (D)
  A floating eye (D)
  A hydra simulacrum (D)
  A swamp drake (D)
  4 fire dragon simulacra (D)
  A necrophage (D)
  5 two-headed ogres (D)
  A water elemental (D)
  32 killer bees (D)
  3 electric eels (D)
  A jelly (D)
  Jessica (D)
  A wizard (D)
  A necromancer (D)
  3 humans (D)
  A kobold demonologist (D)
  2 swamp drake simulacra (D)
  A phantom (D)
  2 orcs (D)
  3 rats (D)
  2 ballistomycetes (D)
  A fungus (D)
  4 plants (D)
  4 tentacles (D)
163 creatures vanquished.

Vanquished Creatures (collateral kills)
  Rupert (D)
  A dire elephant (D)
  Joseph (D)
  5 orc warriors (D)
  3 orc priests (D)
  3 orc wizards (D)
  5 orcs (D)
19 creatures vanquished.

Vanquished Creatures (others)
  2 draconian scorchers (D)
  A hydra (D)
  6 hellions (D)
  3 yaktaurs (D)
  2 orc high priests (D)
  An orc priest (D)
  3 ball lightnings (D)
  5 ballistomycete spores (D)
  2 fungi (D)
  13 plants (D)
  3 tentacles (D)
41 creatures vanquished.

Grand Total: 223 creatures vanquished

Notes
Turn   | Place    | Note
-------+----------+-------------------------------------------
     0 | D        | wojtek the Minotaur Berserker began the quest for the Orb.
     0 | D        | Reached XP level 1. HP: 19/19 MP: 0/0
    11 | D        | Reached skill level 4 in Axes
    27 | D        | Reached ** piety under Trog
    31 | D        | Noticed Jessica
    39 | D        | Killed Jessica
    39 | D        | Reached skill level 5 in Axes
    39 | D        | Reached XP level 2. HP: 11/28 MP: 1/1
    90 | D        | Killed a hellion
   118 | D        | Killed a hellion
   118 | D        | Killed a hellion
   118 | D        | Killed a hellion
   130 | D        | Killed a hellion
   131 | D        | Killed a hellion
   155 | D        | Killed a white draconian scorcher
   219 | D        | Killed a white draconian scorcher
   227 | D        | Reached XP level 3. HP: 35/35 MP: 2/2
   230 | D        | Reached *** piety under Trog
   230 | D        | Reached skill level 5 in Fighting
   230 | D        | Reached skill level 6 in Axes
   270 | D        | Noticed a water elemental
   272 | D        | Killed a water elemental
   272 | D        | Reached skill level 7 in Axes
   272 | D        | Reached skill level 5 in Armour
   272 | D        | Reached XP level 4. HP: 44/44 MP: 3/3
   338 | D        | Found a radiant altar of Vehumet.
   339 | D        | Found a deep blue altar of Sif Muna.
   339 | D        | Found an ancient bone altar of Kikubaaqudgha.
   339 | D        | Noticed a wizard
   341 | D        | Killed a wizard
   341 | D        | Reached skill level 8 in Axes
   341 | D        | Reached skill level 5 in Dodging
   342 | D        | Reached **** piety under Trog
   342 | D        | Reached XP level 5. HP: 51/51 MP: 4/4
   390 | D        | Found a glowing silver altar of Zin.
   391 | D        | Found a glowing golden altar of the Shining One.
   391 | D        | Found a white marble altar of Elyvilon.
   391 | D        | Noticed a deep elf mage
   399 | D        | Killed a deep elf mage
   399 | D        | Reached skill level 12 in Axes
   399 | D        | Reached XP level 6. HP: 9/63 MP: 5/5
   399 | D        | Reached XP level 7. HP: 10/70 MP: 6/6
   574 | D        | Killed a yaktaur
   688 | D        | Found a hide-covered altar of Uskayaw.
   688 | D        | Found an iron altar of Okawaru.
   689 | D        | Found a roughly hewn altar of Beogh.
   689 | D        | Found a bloodstained altar of Trog.
   689 | D        | Found an ornate altar of the Wu Jian Council.
   689 | D        | Noticed a human
   689 | D        | Noticed a human
   693 | D        | Received a gift from Trog
   693 | D        | Reached ***** piety under Trog
   695 | D        | Killed a human
   698 | D        | Killed a human
   698 | D        | Reached skill level 13 in Axes
   788 | D        | Found a shadowy altar of Dithmenos.
   795 | D        | Received a gift from Trog
   795 | D        | Reached skill level 10 in Fighting
   797 | D        | Found a basalt altar of Yredelemnul.
   797 | D        | Found a sacrificial altar of Ru.
   799 | D        | Got a translucent battleaxe {god gift}
   800 | D        | Identified the +2 battleaxe of a sewer {freeze, rElec rPois MR+ Stlth+} (Trog gifted it to you in the Dungeon)
   826 | D        | Noticed a shadow
   832 | D        | Reached XP level 8. HP: 52/78 MP: 7/7
   833 | D        | Reached skill level 10 in Armour
   967 | D        | Found a blossoming altar of Fedhas.
   967 | D        | Found a stormy altar of Qazlal.
   968 | D        | Found a snail-covered altar of Cheibriados.
   968 | D        | Found a burning altar of Makhleb.
   968 | D        | Found a hazy altar of Hepliaklqana.
   968 | D        | Found a shimmering altar of Xom.
   968 | D        | Found an opulent altar of Gozag.
   968 | D        | Found a sparkling altar of Nemelex Xobeh.
   968 | D        | Found a corrupted altar of Lugonu.
   968 | D        | Found a viscous altar of Jiyva.
  1067 | D        | Noticed a two-headed ogre
  1102 | D        | Received a gift from Trog
  1102 | D        | Reached skill level 14 in Axes
  1114 | D        | Killed a two-headed ogre
  1169 | D        | Noticed a two-headed ogre
  1169 | D        | Noticed Erolcha
  1172 | D        | Killed Erolcha
  1172 | D        | Reached skill level 15 in Axes
  1172 | D        | Reached skill level 10 in Dodging
  1172 | D        | Reached XP level 9. HP: 89/89 MP: 8/8
  1174 | D        | Killed a two-headed ogre
  1178 | D        | Reached skill level 16 in Axes
  1183 | D        | Reached ****** piety under Trog
  1183 | D        | Received a gift from Trog
  1240 | D        | Found Toemoez's Antique Weapon Boutique.
  1246 | D        | Received a gift from Trog
  1252 | D        | Received a gift from Trog
  1253 | D        | Got a twisted broad axe {god gift}
  1439 | D        | Received a gift from Trog
  1455 | D        | Noticed a queen bee
  1455 | D        | Received a gift from Trog
  1455 | D        | Reached XP level 10. HP: 73/99 MP: 9/9
  1574 | D        | Reached skill level 17 in Axes
  1592 | D        | Received a gift from Trog
  1601 | D        | Received a gift from Trog
  1914 | D        | Noticed a spiny frog
  1914 | D        | Noticed a spiny frog
  1916 | D        | Killed a spiny frog
  1916 | D        | Reached skill level 18 in Axes
  1918 | D        | Received a gift from Trog
  1922 | D        | Killed a spiny frog
  1997 | D        | Received a gift from Trog
  1998 | D        | Found the +14 obsidian axe {chop, +Fly SInv *Curse}
  2133 | D        | Noticed Rupert
  2146 | D        | Killed Rupert
  2146 | D        | Reached skill level 19 in Axes
  2146 | D        | Reached XP level 11. HP: 110/110 MP: 10/10
  2160 | D        | Noticed a dire elephant
  2181 | D        | Killed a dire elephant
  2426 | D        | Noticed Gastronok
  2428 | D        | Noticed a dire elephant
  2509 | D        | Killed a dire elephant
  2509 | D        | Reached skill level 15 in Fighting
  2509 | D        | Reached skill level 20 in Axes
  2514 | D        | Killed Gastronok
  2514 | D        | Reached skill level 15 in Armour
  2548 | D        | Noticed an azure jelly
  2549 | D        | Noticed an azure jelly
  2549 | D        | Noticed an azure jelly
  2551 | D        | Noticed an azure jelly
  2824 | D        | Noticed a death yak
  2825 | D        | Noticed a death yak
  2835 | D        | Killed a death yak
  2840 | D        | Received a gift from Trog
  2845 | D        | Noticed a death yak
  2845 | D        | Killed a death yak
  2846 | D        | Noticed a death yak
  2850 | D        | Killed a death yak
  2850 | D        | Reached skill level 21 in Axes
  2854 | D        | Killed a death yak
  2988 | D        | Reached XP level 12. HP: 93/121 MP: 11/11
  3090 | D        | Noticed an ice dragon
  3091 | D        | Found Iqyot's Distillery.
  3091 | D        | Found Xyufidicia's Antique Weapon Boutique.
  3091 | D        | Noticed an ice dragon
  3092 | D        | Noticed an ice dragon
  3347 | D        | Noticed an ice dragon
  3360 | D        | Killed an ice dragon
  3360 | D        | Reached skill level 15 in Dodging
  3624 | D        | Killed an ice dragon
  3624 | D        | Received a gift from Trog
  3657 | D        | Killed an ice dragon
  3658 | D        | Found Wioreom's Jewellery Emporium.
  3658 | D        | Noticed a six-headed hydra
  3663 | D        | Killed a six-headed hydra
  3988 | D        | Killed an ice dragon
  4002 | D        | Received a gift from Trog
  4111 | D        | Got a decaying rune of Zot
  4207 | D        | Reached skill level 22 in Axes
  4369 | D        | Noticed Urug
  4373 | D        | Killed Urug
  4524 | D        | Noticed a five-headed hydra
  4524 | D        | Noticed a six-headed hydra
  4526 | D        | Received a gift from Trog
  4531 | D        | Killed a seven-headed hydra
  4537 | D        | Killed a nine-headed hydra
  4683 | D        | Found a blossoming altar of Fedhas.
  4700 | D        | Received a gift from Trog
  4929 | D        | Noticed a kraken
  4936 | D        | Received a gift from Trog
  4946 | D        | Reached skill level 23 in Axes
  5049 | D        | Noticed an alligator snapping turtle
  5057 | D        | Killed a kraken
  5063 | D        | Killed an alligator snapping turtle
  5106 | D        | Received a gift from Trog
  5154 | D        | Found Tiblit's Antique Armour Emporium.
  5154 | D        | Found Hicwular's Magic Scroll Shop.
  5154 | D        | Found Adgharghou's Book Boutique.
  5164 | D        | Got a barnacled rune of Zot
  5231 | D        | Noticed Harold
  5233 | D        | Noticed Joseph
  5239 | D        | Killed Harold
  5239 | D        | Reached XP level 13. HP: 115/133 MP: 0/12
  5247 | D        | Killed a ghost moth
  5257 | D        | Killed Joseph
  5707 | D        | Reached skill level 24 in Axes
  5830 | D        | Received a gift from Trog
  5869 | D        | Got a smoking battleaxe {god gift}
  5872 | D        | Identified the +11 battleaxe "Echeemon" {chop, Dex+4} (Trog gifted it to you in the Dungeon)
  5959 | D        | Found Mutuluas's Gadget Emporium.
  5959 | D        | Found Ziddo's Jewellery Shop.
  5959 | D        | Found Qaba's Magic Scroll Boutique.
  5959 | D        | Found Sounkuth's Book Shoppe.
  5959 | D        | Found Viyh's Distillery.
  5959 | D        | Found Eliwkew's Antique Armour Emporium.
  5959 | D        | Found Iffiutuv's Distillery.
  5959 | D        | Found Moeroweme's Food Shop.
  5959 | D        | Found Axkyl's Book Shop.
  5959 | D        | Found Ryong's Food Emporium.
  5959 | D        | Found Firrow's Antique Weapon Emporium.
  5959 | D        | Found Bukler's Magic Scroll Boutique.
  5997 | D        | Bought the +3 pair of gauntlets of War {Slay+5} for 1187 gold pieces
  5997 | D        | Found the +3 pair of gauntlets of War {Slay+5}
  6088 | D        | Received a gift from Trog
  6144 | D        | Found Lamaett's Food Emporium.
  6144 | D        | Found Umodd's Distillery.
  6144 | D        | Found Fatzauk's Gadget Shop.
  6144 | D        | Found Ofynekhle's Food Shoppe.
  6319 | D        | Received a gift from Trog
  6342 | D        | Noticed a mummy priest
  6347 | D        | Killed a mummy priest
  6354 | D        | Reached skill level 25 in Axes
  6619 | D        | Noticed Nikola
  6619 | D        | Noticed a storm dragon
  6643 | D        | Killed a storm dragon
  6649 | D        | Killed Nikola
  6649 | D        | Received a gift from Trog
  6664 | D        | Got a twisted battleaxe {god gift}
  6747 | D        | Received a gift from Trog
  6834 | D        | Noticed Roxanne
  6851 | D        | HP: 5/137 [Roxanne/crystal spear (45)]
  6852 | D        | Killed from afar by Roxanne

Skill      XL: |  1  2  3  4  5  6  7  8  9 10 11 12 13 |
---------------+----------------------------------------+-----
Axes           | 5 7 8 12 13 15 16 19 21 23 25 | 25.7
Fighting       | 4 6 9 10 11 12 14 16 18 19 | 19.6
Armour         | 4 5 6 8 9 11 12 14 16 17 19 | 19.5
Dodging        | 3 4 5 8 10 11 13 14 16 18 | 18.1

Action                   |  1- 3 |  4- 6 |  7- 9 | 10-12 | 13-15 || total
-------------------------+-------+-------+-------+-------+-------++-------
Melee: Hand axe          |    11 |     5 |    14 |       |       ||    30
       Headbutt          |     3 |     2 |    10 |    57 |    44 ||   116
       Battleaxe         |       |       |    52 |   298 |   123 ||   473
Invok: Berserk           |     2 |     2 |     2 |     3 |       ||     9
       Burn Spellbooks   |       |       |     1 |       |       ||     1
       Brothers in Arms  |       |       |     1 |     2 |     2 ||     5
 Stab: Sleeping          |       |       |     1 |       |       ||     1
       Held in net/web   |       |       |       |       |     2 ||     2
       Distracted        |       |       |       |       |     1 ||     1
  Eat: Chunk             |       |     1 |     7 |     6 |     2 ||    16
       Ration            |       |       |       |     3 |     1 ||     4
Armor: Animal skin       |     1 |     1 |     1 |       |       ||     3
       Plate armour      |       |       |     7 |   103 |    41 ||   151
       Ice dragon scales |       |       |       |    20 |       ||    20
Dodge: Dodged            |     8 |     3 |    47 |   174 |    41 ||   273
